 Dungeon Crawl Stone Soup version 0.30.0-5-g1a98f26d00 (webtiles) character file.

Game seed: 10676586884259960230

3185 Irreverend the Grappler (level 9, -4/89 HPs)
             Began as a Troll Fighter on May 9, 2023.
             Was a Believer of Wu Jian.
             Slain by a vampire
             ... wielding a +2 vampiric halberd
              (10 damage)
             ... in a bailey on May 10, 2023.
             The game lasted 00:10:30 (6242 turns).

Irreverend the Grappler (Troll Fighter)             Turns: 6242, Time: 00:10:30

Health: -4/89      AC:  4    Str: 26    XL:     9   Next: 64%
Magic:  8/8        EV:  9    Int:  8    God:    Wu Jian [**....]
Gold:   558        SH:  0    Dex:  9    Spells: 8/8 levels left

rFire   . .          .
                       - Unarmed
rCold   . . .        b - +0 kite shield
rNeg    . . .        a - +0 robe
rPois   .            (helmet restricted)
rElec   .            (no cloak)
rCorr   .            (gloves unavailable)
SInv    .            (boots unavailable)
Will    .....        (no amulet)
Stlth   +            (no ring)
HPRegen 1.14/turn    (no ring)
MPRegen 0.11/turn

%: no passive effects
@: confused
A: large, unfitting armour, claws 3, regeneration 1, shaggy fur 1, tough skin 1
a: Renounce Religion, Wall Jump


You were in a bailey.
You worshipped Wu Jian.
Wu Jian was pleased with you.
You visited 2 branches of the dungeon, and saw 8 of its levels.
You also visited: Ossuary and Bailey.

You collected 558 gold pieces.

Inventory:

Armour
 a - a +0 robe (worn)
 b - a +0 kite shield (worn)
Jewellery
 h - a ring of ice
 j - a +5 ring of evasion
 o - a ring of resist corrosion
 t - a +6 ring of intelligence
 G - an amulet of reflection
Wands
 u - a wand of flame (15)
 A - a wand of acid (7)
 B - a wand of roots (5)
Scrolls
 d - 2 scrolls of brand weapon {unknown}
 e - 12 scrolls of identify {unknown}
 k - 2 scrolls of noise {unknown}
 l - 3 scrolls of fear {unknown}
 n - a scroll of enchant armour {unknown}
 q - 2 scrolls of immolation {unknown}
 r - a scroll of magic mapping {unknown}
 s - 3 scrolls of blinking {unknown}
 x - 4 scrolls of teleportation {unknown}
 y - a scroll of poison {unknown}
 C - a scroll of amnesia {unknown}
 F - a scroll of fog {unknown}
Potions
 c - 4 potions of might
 f - 2 potions of lignification {unknown}
 g - a potion of mutation {unknown}
 i - a potion of invisibility {unknown}
 m - 5 potions of heal wounds {unknown}
 p - 3 potions of degeneration {unknown}
 v - 4 potions of attraction {unknown}
 w - 5 potions of curing {unknown}
 z - a potion of haste {unknown}
 D - a potion of flight {unknown}
 E - 3 potions of cancellation {unknown}


   Skills:
 + Level 6.2 Fighting
 - Level 2.4 Dodging
 + Level 6.7 Shields
 * Level 9.9 Unarmed Combat


You had 8 spell levels left.
You didn't know any spells.
Your spell library contained the following spells:

 Spells                   Type           Power      Damage    Failure   Level
 Magic Dart               Conj           0%         1d3       63%         1
 Necrotise                Necr           0%         1d4       63%         1
 Call Imp                 Summ           0%         N/A       77%         2
 Poisonous Vapours        Pois/Air       0%         N/A       77%         2
 Sublimation of Blood     Necr           0%         N/A       77%         2
 Mephitic Cloud           Conj/Pois/Air  0%         N/A       94%         3
 Ozocubu's Armour         Ice            0%         N/A       94%         3
 Vampiric Draining        Necr           0%         2d6       94%         3
 Petrify                  Tmut/Erth      0%         N/A       100%        4
 Summon Ice Beast         Ice/Summ       0%         N/A       100%        4
 Agony                    Necr           0%         N/A       100%        5
 Freezing Cloud           Conj/Ice/Air   0%         6-21      100%        5
 Irradiate                Conj/Tmut      0%         3d11      100%        5
 Metabolic Englaciation   Hex/Ice        0%         N/A       100%        5
 Summon Mana Viper        Hex/Summ       0%         N/A       100%        5
 Simulacrum               Ice/Necr       0%         N/A       100%        6
 Monstrous Menagerie      Summ           0%         N/A       100%        7


Dungeon Overview and Level Annotations

Branches:
Dungeon (7/15)             Temple (1/1) D:5         Ossuary (visited)
 Bailey (1/1)

Altars:
Ashenzari
Cheibriados
Dithmenos
Elyvilon
Fedhas
Hepliaklqana
Makhleb
Nemelex Xobeh
Okawaru
Qazlal
Ru
Sif Muna
Trog
Uskayaw
Vehumet
Wu Jian
Xom
Yredelemnul
Zin
The Shining One

Shops:
D:6 !


Innate Abilities, Weirdness & Mutations

You are too large for most types of armour.
You have claws for hands.
Your natural rate of healing is unusually fast.
You are covered in fur. (AC +1)
You have tough skin. (AC +1)


Message History

You mangle the vampire!!
The vampire is severely damaged.
The vampire hits you with a +2 vampiric halberd!
The vampire bites you but does no damage.
You barely miss the vampire.
The vampire is severely damaged.
You block the vampire's attack. The vampire bites you!
The vampire draws strength from your injuries!
You claw the vampire!
The vampire is severely damaged.
The vampire hits you with a +2 vampiric halberd.
You block the vampire's attack.
You scratch the vampire but do no damage.
The vampire is severely damaged.
You block the vampire's attack. The vampire bites you!
The vampire draws strength from your injuries!
You claw the vampire!
The vampire is almost destroyed.
The vampire points at you and mumbles some strange words.
You are confused.
You barely miss the vampire.
The vampire is almost destroyed.
The vampire barely misses you. The vampire bites you.
The vampire draws strength from your injuries!
The vampire barely misses you. The vampire barely misses you.
The vampire bites you!
The vampire draws strength from your injuries!
There is a large open door, spattered with blood here.
You're too confused to move!
The vampire hits you with a +2 vampiric halberd!!
* * * LOW HITPOINT WARNING * * *
The vampire draws strength from your wounds!
The vampire completely misses you.
The vampire gestures wildly while chanting.
The vampire flickers and vanishes!
Deactivating autopickup; reactivate with Ctrl-A.
Something hits you!
* * * LOW HITPOINT WARNING * * *
Something bites you!
You die...

#'#..#...........#.รท)#
..#..#.).........#####
..####.).#........#
..'...)####.......#
..'...##..##.....8#
..#...#..).#########
..#............)...#
#+#......#)).......#
#8....##...##'@###
#######...##.{..#
#8.......##......#
#8......8#...##...#
##########..# #..# #..
..# #.. .8# ##[ !##


There were no monsters in sight!

Vanquished Creatures
  A gargoyle (Bailey)
  Sigmund (D:2)
  4 black bears
  A sky beast (D:6)
  A centaur (D:5)
  A phantom (D:5)
  Blork the orc (D:5)
  3 bullfrogs
  3 scorpions
  3 wights (D:6)
  7 vampire bats (Bailey)
  2 howler monkeys (D:7)
  8 wolf zombies (Bailey)
  A hound (D:7)
  2 jellies
  2 orc priests
  A sleepcap (D:6)
  3 iguanas
  A gnoll bouda (D:4)
  Natasha (thrice) (D:4)
  4 orc wizards
  8 mummies (Ossuary)
  Robin (D:2)
  7 gnolls
  7 adders
  A shadow imp (D:7)
  3 white imps
  An ufetubus (D:6)
  4 worms
  20 orcs
  10 ball pythons
  6 endoplasms
  A giant cockroach (D:1)
  22 goblins
  6 hobgoblins
  9 jackals
  3 quokkas
  2 bats
  2 frilled lizards (D:3)
  A gnoll zombie (Ossuary)
  A hobgoblin zombie (Ossuary)
  4 kobolds
  4 kobold zombies (Ossuary)
  17 orc zombies
  5 rats
198 creatures vanquished.

Notes
Turn   | Place    | Note
-------+----------+-------------------------------------------
     0 | D:1      | Irreverend the Troll Fighter began the quest for the Orb.
     0 | D:1      | Reached XP level 1. HP: 22/22 MP: 0/0
   259 | D:1      | Reached XP level 2. HP: 29/29 MP: 1/1
  1057 | D:2      | Reached XP level 3. HP: 36/36 MP: 2/2
  1070 | D:2      | Reached skill level 3 in Unarmed Combat
  1299 | D:2      | Noticed Robin
  1318 | D:2      | Reached XP level 4. HP: 44/44 MP: 3/3
  1318 | D:2      | Killed Robin
  1588 | D:2      | Noticed Sigmund
  1600 | D:2      | Killed Sigmund
  1601 | D:2      | Reached skill level 4 in Unarmed Combat
  1601 | D:2      | Reached XP level 5. HP: 50/53 MP: 0/4
  1889 | D:3      | Reached XP level 6. HP: 46/61 MP: 5/5
  2023 | D:3      | Found a snail-covered altar of Cheibriados.
  2709 | D:4      | Reached skill level 5 in Unarmed Combat
  2712 | D:4      | Noticed Natasha
  2742 | D:4      | Killed Natasha
  2812 | D:4      | Noticed Natasha
  2817 | D:4      | Killed Natasha
  2842 | D:4      | Identified the +9 hand axe of Flawed Execution {flame, rF-
                  | rC+ Will+ Str+3}
  2911 | D:4      | Found a shimmering blue altar of Sif Muna.
  2920 | D:4      | Reached XP level 7. HP: 68/68 MP: 6/6
  2925 | D:4      | Noticed Natasha
  2931 | D:4      | Killed Natasha
  2988 | D:4      | Found a sand-covered staircase.
  2994 | Ossuary  | Entered an ossuary
  3083 | Ossuary  | Reached skill level 6 in Unarmed Combat
  3474 | D:4      | Found a glowing silver altar of Zin.
  3491 | D:4      | Found a sacrificial altar of Ru.
  3705 | D:5      | Entered Level 5 of the Dungeon
  3745 | D:5      | Reached XP level 8. HP: 61/79 MP: 7/7
  3831 | D:5      | Reached skill level 5 in Shields
  3831 | D:5      | Reached skill level 7 in Unarmed Combat
  4014 | D:5      | Noticed Blork the orc
  4020 | D:5      | Killed Blork the orc
  4197 | D:5      | Found a staircase to the Ecumenical Temple.
  4438 | Temple   | Entered the Ecumenical Temple
  4500 | Temple   | Became a worshipper of the Wu Jian Council
  4560 | D:6      | Reached skill level 5 in Fighting
  4663 | D:6      | Found Xixeubi's Distillery.
  4668 | D:6      | Reached skill level 8 in Unarmed Combat
  4746 | D:6      | Found a bloodstained altar of Trog.
  5133 | D:6      | Found a hazy altar of Hepliaklqana.
  5497 | D:7      | Reached XP level 9. HP: 87/88 MP: 8/8
  5522 | D:7      | Found a blossoming altar of Fedhas.
  5522 | D:7      | Found an iron altar of Okawaru.
  5557 | D:7      | Found a shimmering altar of Xom.
  5560 | D:7      | Found a glowing golden altar of the Shining One.
  5562 | D:7      | Found a shadowy altar of Dithmenos.
  5784 | D:7      | Reached * piety under Wu Jian
  5908 | D:7      | Found a flagged portal.
  5920 | D:7      | Reached skill level 9 in Unarmed Combat
  5929 | Bailey   | Entered a bailey
  6175 | Bailey   | Reached ** piety under Wu Jian
  6184 | Bailey   | Noticed a gargoyle
  6193 | Bailey   | Killed a gargoyle
  6242 | Bailey   | Slain by a vampire

Illustrated notes

Levels and vault maps discovered:
D:1:      kilobyte_arrival_exit_the_forest, layout_basic
D:2:      layout_loops_ring, uniq_robin, uniq_sigmund
D:3:      layout_basic, cheibriados_altar_1, serial_forest,
          infiniplex_forest_straight_4, infiniplex_forest_end_2,
          infiniplex_forest_zigzag_1, infiniplex_forest_clump_small,
          infiniplex_forest_zigzag_1, infiniplex_forest_lined_ring
D:4:      layout_basic, kennysheep_orc_sif_temple,
          nicolae_ru_great_annihilating_truth, lemuel_tele_altar,
          enter_ossuary_2, uniq_natasha
D:5:      layout_rooms, minmay_temple_entry_mist, corexii_hall_statues_l,
          uniq_blork_the_orc
D:6:      layout_basic, general_overflow_altar, trog_book, serial_shops,
          nicolae_diamond_shop
D:7:      layout_cave_pods, grunt_temple_overflow_open, enter_bailey_5
Temple:   nicolae_temple_two_arcs
Bailey:   bailey_polearm_vampire_castle_hellmonk, bailey

Skill      XL: |  1  2  3  4  5  6  7  8  9 |
---------------+----------------------------+-----
Shields        | 3 4 6 |  6.7
Unarmed Combat | 3 4 5 6 8 9 |  9.9
Fighting       | 3 4 5 6 |  6.2
Dodging        | |  2.4

Action                     |  1- 3 |  4- 6 |  7- 9 || total
---------------------------+-------+-------+-------++-------
  Melee: Unarmed           |   101 |   157 |   409 ||   667
Ability: Lunge             |       |       |    18 ||    18
         Whirlwind         |       |       |    37 ||    37
   Stab: Paralysed         |       |       |     1 ||     1
 Armour: Robe              |    59 |    22 |    82 ||   163
  Dodge: Dodged            |    44 |    36 |   150 ||   230
  Block: Kite shield       |    55 |    41 |   207 ||   303
